 Dungeon Crawl Stone Soup version 0.21.1-1-g345015fe64 (webtiles) character file.

80 KleinerIrrer the Chopper (level 4, -3/35 HPs)
             Began as a Formicid Fighter on Mar 17, 2018.
             Slain by a gnoll
             ... wielding a +0 halberd
              (6 damage)
             ... on level 4 of the Dungeon.
             The game lasted 00:01:04 (609 turns).

KleinerIrrer the Chopper (Formicid Fighter)          Turns: 609, Time: 00:01:05

Health: -3/35      AC:  6    Str: 22    XL:     4   Next: 65%
Magic:  4/4        EV:  8    Int:  7    God:
Gold:   17         SH:  9    Dex: 10    Spells: 3/3 levels left

rFire    . . .     SeeInvis +   a - +0 war axe
rCold    . . .     Gourm    .   c - +0 shield
rNeg     . . .     Faith    .   b - +0 scale mail
rPois    .         Spirit   .   (helmet unavailable)
rElec    .         Reflect  .   (no cloak)
rCorr    .         Harm     .   (no gloves)
MR       .....                  (no boots)
Stlth    ..........             (no amulet)
HPRegen  0.11/turn              (no ring)
MPRegen  0.09/turn              (no ring)

@: no status effects
A: permanent stasis, dig shafts and tunnels, four strong arms, antennae 3
a: Dig, Shaft Self


You were on level 4 of the Dungeon.
You were not hungry.

You visited 1 branch of the dungeon, and saw 3 of its levels.

You collected 17 gold pieces.

Inventory:

Hand Weapons
 a - a +0 war axe (weapon)
Armour
 b - a +0 scale mail (worn)
 c - a +0 shield (worn)
Scrolls
 e - a scroll of remove curse {unknown}
Potions
 d - a potion of might
 g - a potion of experience {unknown}
Comestibles
 f - 3 rations
 h - a chunk of flesh


   Skills:
 - Level 3.2 Fighting
 + Level 4.5 Axes
 - Level 3.2 Armour
 - Level 3.6 Shields


You had 3 spell levels left.
You didn't know any spells.

Dungeon Overview and Level Annotations

Branches:
Dungeon (2/15)

Altars:


Innate Abilities, Weirdness & Mutations

You cannot be hasted, slowed, berserked, paralysed or teleported.
You can dig through walls and to a lower floor.
Your four strong arms can wield two-handed weapons with a shield.
You have a pair of large antennae on your head. (SInv)


Message History

You are too injured to fight recklessly!
You are too injured to fight recklessly!
You are too injured to fight recklessly!
You are too injured to fight recklessly!
You are too injured to fight recklessly!
You are too injured to fight recklessly!
You are too injured to fight recklessly!
You are too injured to fight recklessly!
You are too injured to fight recklessly!
You are too injured to fight recklessly!
You are too injured to fight recklessly!
You see here a falchion.
You completely miss the gnoll. You block the gnoll's attack.
You hit the gnoll.
The gnoll is lightly wounded.
The gnoll hits you from afar with a halberd!
* * * LOW HITPOINT WARNING * * *
The gnoll hits you but does no damage. The gnoll hits you with a halberd.
You die...

#.#####.#...
#######...........
#.................
#.#####.....##.#.#
#.# #.....##.#.# #.#
#.#.####)#.# #.#
#.#.# #.#.# #.#
#.#.# #g#.# #.#
#.#.# #@g.#
#.#####.#.#####..#
#.##....#........#{
#.##.............#
#.##...#########...#
#.#...........# ...#
#.#....######.# ...#
#.#....# #.# ...#
#.#.#### #.# ..>#


You could see 2 gnolls.

Vanquished Creatures
  A scorpion (D:4)
  2 gnolls (D:4)
  2 leopard geckos (D:4)
  A kobold (D:2)
  A quokka (D:4)
  A bat (D:4)
  A frilled lizard (D:2)
9 creatures vanquished.

Notes
Turn   | Place    | Note
-------+----------+-------------------------------------------
     0 | D:1      | KleinerIrrer the Formicid Fighter began the quest for the Orb.
     0 | D:1      | Reached XP level 1. HP: 18/18 MP: 1/1
     3 | D:1      | You fall through a shaft!
    12 | D:2      | You fall through a shaft for 2 floors!
   153 | D:4      | Reached XP level 2. HP: 15/24 MP: 2/2
   284 | D:4      | Noticed a scorpion
   288 | D:4      | Reached skill level 3 in Axes
   304 | D:4      | Killed a scorpion
   304 | D:4      | Reached skill level 4 in Axes
   304 | D:4      | Reached XP level 3. HP: 10/29 MP: 3/3
   304 | D:4      | Reached XP level 4. HP: 12/35 MP: 4/4
   609 | D:4      | Slain by a gnoll

Skill      XL: |  1  2 |
---------------+-------+-----
Axes           | 4 |  4.5
Fighting       | |  3.2
Armour         | |  3.2
Shields        | |  3.6

Action                   |  1- 3 |  4- 6 || total
-------------------------+-------+-------++-------
Melee: War axe           |    29 |    17 ||    46
 Abil: Shaft Self        |     2 |       ||     2
Armor: Scale mail        |    14 |     5 ||    19
Dodge: Dodged            |    14 |     2 ||    16
Block: Shield            |    11 |     9 ||    20
